 Dungeon Crawl Stone Soup version 0.27-b1-42-g19c61b19a5 (webtiles) character file.

Game seed: 1253409573991850503

219 mhtbhm the Vandal (level 6, -7/46 HPs)
             Began as a Human Hunter on July 30, 2021.
             Mangled by an ogre (17 damage)
             ... on level 4 of the Dungeon.
             The game lasted 00:05:19 (4157 turns).

mhtbhm the Vandal (Human Hunter)                    Turns: 4157, Time: 00:05:19

Health: -7/46      AC:  5    Str: 13    XL:     6   Next: 18%
Magic:  6/6        EV: 12    Int: 11    God:
Gold:   104        SH:  0    Dex: 15    Spells: 5/5 levels left

rFire    + . .     SeeInvis .   a - +1 hunting sling
rCold    + . .     Faith    .   (no shield)
rNeg     . . .     Spirit   .   c - +0 leather armour
rPois    +         Reflect  .   o - +0 helmet
rElec    +         Harm     .   (no cloak)
rCorr    +         Rampage  .   (no gloves)
Will     .....                  n - +0 pair of boots
Stlth    ++........             (no amulet)
HPRegen  0.15/turn              (no ring)
MPRegen  0.10/turn              (no ring)

@: resistant
A: no striking features
a: no special abilities


You were on level 4 of the Dungeon.
You visited 1 branch of the dungeon, and saw 4 of its levels.

You collected 104 gold pieces.

Inventory:

Hand Weapons
 a - a +1 hunting sling (weapon)
 b - a +1 short sword of draining
Missiles
 d - 30 sling bullets (quivered ammo)
 f - 109 stones
Armour
 c - a +0 leather armour (worn)
 n - a +0 pair of boots (worn)
 o - a +0 helmet (worn)
Wands
 i - a wand of polymorph (8)
 v - a wand of flame (13)
Scrolls
 g - a scroll of acquirement {unknown}
 k - a scroll of enchant armour {unknown}
 l - a scroll of torment
 r - 2 scrolls of identify {unknown}
 t - a scroll of teleportation {unknown}
Potions
 e - a potion of heal wounds
 h - a potion of attraction {unknown}
 j - 2 potions of curing
 m - a potion of invisibility {unknown}
 p - a potion of mutation {unknown}
 s - 2 potions of ambrosia {unknown}
 u - a potion of haste {unknown}
 w - a potion of might {unknown}


   Skills:
 + Level 2.6 Fighting
 + Level 2.2 Short Blades
 + Level 5.1 Slings
 + Level 2.7 Armour
 + Level 2.5 Dodging
 + Level 1.1 Stealth


You had 5 spell levels left.
You didn't know any spells.
Your spell library contained the following spells:

 Spells                   Type           Power      Damage    Failure   Level
 Conjure Flame            Conj/Fire      0%         6-21      80%         3
 Ignite Poison            Fire/Tmut/Pois 0%         N/A       80%         3
 Sticky Flame             Conj/Fire      0%         2d3       99%         4
 Fireball                 Conj/Fire      0%         3d3       100%        5
 Starburst                Conj/Fire      0%         8x6d3     100%        6
 Ignition                 Fire           0%         3d3       100%        8


Dungeon Overview and Level Annotations

Branches:
Dungeon (4/15)
 Temple: D:4-7

Altars:
Qazlal
Sif Muna

Annotations:
D:4 1 transporter, WaxSun's ghost, amateur HuNe


Message History

Found a ring mail.
No target in view!
Found 14 poisoned darts.
An ogre comes into view. It is wielding a +0 giant club.
An ogre is nearby!
An iguana comes into view.
Unknown command.
Okay, then.
It was a potion of resistance.
You feel protected.
a - a +1 hunting sling (weapon)
Fire: 34 sling bullets
Press: ? - help, Q - select action, (/) - cycle Shift-Dir - straight line, f - ogre
Aim: an ogre, wielding a +0 giant club (77% to hit)
You shoot a sling bullet. The sling bullet hits the ogre.
The ogre is lightly wounded.
The iguana hisses angrily.
Fire: 33 sling bullets
Press: ? - help, Q - select action, (/) - cycle Shift-Dir - straight line, f/p - ogre
Aim: an ogre, wielding a +0 giant club (lightly wounded, 77% to hit)
You shoot a sling bullet. The sling bullet hits the ogre!
The ogre is heavily wounded.
The ogre misses you.
Fire: 32 sling bullets
Press: ? - help, Q - select action, (/) - cycle Shift-Dir - straight line, f/p - ogre
Aim: an ogre, wielding a +0 giant club (heavily wounded, 77% to hit)
You shoot a sling bullet. The sling bullet hits the ogre.
The ogre is heavily wounded.
The ogre hits you with a +0 giant club!!
Unknown command.
Fire: 31 sling bullets
Press: ? - help, Q - select action, (/) - cycle Shift-Dir - straight line, f/p - ogre
Aim: an ogre, wielding a +0 giant club (heavily wounded, 77% to hit)
You shoot a sling bullet.
The sling bullet completely misses the ogre.
Unknown command.
The ogre hits you with a +0 giant club!!
* * * LOW HITPOINT WARNING * * *
The ogre hits you with a +0 giant club!
You die...

..##...####. .......... .##.
#.......# .#.. #.......# ...
#...[...# ..# . .#.####>...(#
..# ... .(...((....#
..#..##..#...
########..######..#...#..©..##
#####.....lO@.# # ..#..
##.>....######.# ..###=..#
#.#.#...### .# ..$5..
..........# ..# ##### ##
#.#.#.###.#####...####.©.####.
##.... #.....................
##.#.###.##########.##.###.#.
#.#.....# #......# #.<. #
#...##########.#.#.######.


You could see an ogre and an iguana.

Vanquished Creatures
  A howler monkey (D:4)
  2 hounds
  3 adders (D:3)
  A gnoll (D:1)
  A river rat (D:3)
  A worm (D:3)
  5 dart slugs
  5 orcs (D:3)
  7 ball pythons
  6 bats
  6 endoplasms
  2 giant cockroaches
  4 goblins
  A hobgoblin (D:1)
  A kobold (D:3)
  7 quokkas
  3 frilled lizards
  3 rats
59 creatures vanquished.

Vanquished Creatures (others)
  2 fungi (D:1)
  A plant (D:1)
3 creatures vanquished.

Grand Total: 62 creatures vanquished

Notes
Turn   | Place    | Note
-------+----------+-------------------------------------------
     0 | D:1      | mhtbhm the Human Hunter began the quest for the Orb.
     0 | D:1      | Reached XP level 1. HP: 16/16 MP: 1/1
   104 | D:1      | Reached XP level 2. HP: 1/22 MP: 2/2
   702 | D:1      | Reached XP level 3. HP: 27/27 MP: 3/3
   817 | D:1      | Found a faded altar of an unknown god.
  1096 | D:2      | Reached skill level 5 in Slings
  1912 | D:3      | Reached XP level 4. HP: 15/33 MP: 4/4
  2783 | D:3      | Reached skill level 1 in Armour
  2960 | D:3      | Reached XP level 5. HP: 15/39 MP: 5/5
  3330 | D:3      | Reached skill level 1 in Short Blades
  3563 | D:3      | Found a shimmering blue altar of Sif Muna.
  3563 | D:3      | Found a stormy altar of Qazlal.
  4012 | D:4      | Found a transporter.
  4016 | D:4      | Noticed WaxSun's ghost (amateur HuNe)
  4086 | D:4      | Reached XP level 6. HP: 46/46 MP: 6/6
  4140 | D:4      | Noticed an ogre
  4157 | D:4      | Mangled by an ogre

Illustrated notes

Levels and vault maps discovered:
D:1:      doesnt_arrival_eight_statues, layout_rooms,
          shapermc_ecumenical_altar_petra, due_unseen_surprise
D:2:      layout_rooms, minmay_three_crescents
D:3:      layout_basic, gammafunk_temple_overflow_wave, dk_vineyard_3,
          kennysheep_generic_room_2
D:4:      layout_loops_ring, nicolae_uskayaw_murder_on_the_dancefloor,
          old_standard_altar, gammafunk_ghost_stat_death

Skill      XL: |  1  2  3  4  5 |
---------------+----------------+-----
Slings         | 5 |  5.1
Armour         | 1 2 |  2.7
Short Blades   | 2 |  2.2
Fighting       | |  2.6
Dodging        | |  2.5
Stealth        | |  1.1

Action                   |  1- 3 |  4- 6 || total
-------------------------+-------+-------++-------
Melee: Short sword       |    65 |   144 ||   209
 Fire: Hunting sling     |    46 |    10 ||    56
Evoke: Wand              |       |     1 ||     1
  Use: Potion            |     1 |     4 ||     5
       Scroll            |     1 |       ||     1
 Stab: Sleeping          |     1 |       ||     1
Armor: Leather armour    |    22 |    74 ||    96
Dodge: Dodged            |    51 |   128 ||   179
